 Dungeon Sprint DCSS version 0.26.0-91-g99b343417d (webtiles) character file.

Game seed: 10956172520848582954

44 Groucho the Transmogrifier (level 6, -11/38 HPs)
             Began as an Octopode Transmuter on Feb 3, 2021.
             Was a Believer of Qazlal.
             Mangled by a komodo dragon (22 damage)
             ... in the Dungeon (Sprint VI: "Thunderdome").
             The game lasted 00:03:52 (286 turns).

Groucho the Transmogrifier (Octopode Transmuter)     Turns: 286, Time: 00:03:53

Health: -11/38     AC:  1    Str: 10    XL:     6   Next: 49%
Magic:  14/15      EV: 13    Int: 16    God:    Qazlal [**....]
Gold:   280        SH:  2    Dex: 13    Spells: 16/17 levels left

rFire    . . .     SeeInvis .     - Unarmed
rCold    . . .     Faith    .   (no shield)
rNeg     . . .     Spirit   .   (helmet currently unavailable)
rPois    .         Reflect  .   (no amulet)
rElec    .         Harm     .   (no ring)
rCorr    .         Rampage  .   (no ring)
Will     .....     NoTele   +   (no ring)
Stlth    ++........             (no ring)
HPRegen  0.12/turn              (no ring)
MPRegen  0.14/turn              (no ring)
                                (no ring)
                                (no ring)

@: appendages
A: almost no armour, stealthy swim, amphibious, 8 rings, constrict 8, tentacle
spike 3, camouflage 1, gelatinous body 1
a: End Transformation, Renounce Religion, Upheaval


You were in the Dungeon.
You worshipped Qazlal.
Qazlal was pleased with you.
One of your tentacles had a temporary spike.
You visited 1 branch You collected 280 gold pieces.

Inventory:

Wands
 a - a wand of acid (2)
 h - a wand of iceblast (5)
Scrolls
 g - 4 scrolls of blinking
 i - 3 scrolls of fog
Potions
 b - a potion of curing
 c - 2 potions of heal wounds
 d - 4 potions of haste
 e - 2 potions of magic
 f - a potion of berserk rage
 j - a potion of resistance


   Skills:
 - Level 1.0 Fighting
 - Level 2.0 Dodging
 + Level 7.3 Unarmed Combat
 + Level 6.3 Spellcasting
 * Level 9.6 Transmutations


You had 16 spell levels left.
You knew the following spells:

 Your Spells              Type           Power        Failure   Level
a - Beastly Appendage     Tmut           70%          1%          1

Your spell library contained the following spells:

 Spells                   Type           Power        Failure   Level
 Wereblood                Tmut           35%          1%          2
 Spider Form              Tmut/Pois      10%          5%          3
 Blade Hands              Tmut           17%          7%          5
 Ice Form                 Ice/Tmut       20%          19%         4


Dungeon Overview and Level Annotations

Branches:
Dungeon (1/1)

Altars:
Cheibriados
Dithmenos
Fedhas
Gozag
Kikubaaqudgha
Makhleb
Okawaru
Qazlal
Ru
Sif Muna
Trog
Uskayaw
Vehumet
Wu Jian
Xom
Yredelemnul
Zin
The Shining One
Beogh
Jiyva
Lugonu

Shops:
D *[??*?*:[((!!!!


Innate Abilities, Weirdness & Mutations

You cannot wear most types of armour.
You are very stealthy in the water. (Stealth+)
You are amphibious.
You can wear up to eight rings at the same time.
You can use your tentacles to constrict eight enemies at once.
Your skin changes colour to match your surroundings (Stealth+).
Your rubbery body absorbs attacks. (AC +1, EV +1)
One of your tentacles bears a large vicious spike.


Message History

You block the hell rat's attack.
You barely miss the hell rat.
You pierce the hell rat, but do no damage.
You constrict the hell rat, but do no damage.
The hell rat closely misses you.
You tentacle-slap the hell rat but do no damage.
You constrict the hell rat, but do no damage.
The hell rat bites you!
* * * LOW HITPOINT WARNING * * *
You are too injured to fight recklessly!
You are too injured to fight recklessly!
Unknown command.
You tentacle-slap the hell rat but do no damage.
You constrict the hell rat. The hell rat barely misses you.
You tentacle-slap the hell rat.
The hell rat is lightly wounded.
You constrict the hell rat, but do no damage.
You block the hell rat's attack. The komodo dragon bites you!!
Ouch! That really hurt!
You die...

._._......###......___∩##
........8.# #.8........∩###
..........###....†........##
..[....###...###..........⌠#
.......# #.<.# #..........⌠#
....[..###...###..........⌠#
..........###.............##
........8.# #.8.l......∩###
∩___...[..###..§@..__.∩##
#####.8........r8.######
#⌠...........⌠#
###.........### #_......._#
#_......._# #_......._#
#∩.......∩# ##∩.....∩##


You could see a komodo dragon and a hell rat.

Vanquished Creatures
  Sigmund (D)
  A necrophage (D)
  Jessica (D)
  A worker ant (D)
  Terence (D)
  An ooze (D)
  A bat (D)
  A bat zombie (D)
  A giant cockroach zombie (D)
  A quokka zombie (D)
10 creatures vanquished.

Notes
Turn   | Place    | Note
-------+----------+-------------------------------------------
     0 | D        | Groucho the Octopode Transmuter began the quest for the
                  | Orb.
     0 | D        | Reached XP level 1. HP: 13/13 MP: 3/3
     1 | D        | Found a bloodstained altar of Trog.
     1 | D        | Found a shimmering altar of Xom.
     2 | D        | Found a snail-covered altar of Cheibriados.
     2 | D        | Found an ornate altar of the Wu Jian Council.
     3 | D        | Found a glowing golden altar of the Shining One.
     3 | D        | Found a blossoming altar of Fedhas.
     4 | D        | Found a stormy altar of Qazlal.
     4 | D        | Found an iron altar of Okawaru.
     4 | D        | Found Vask's Weapon Rack.
     4 | D        | Found Lisas's Premium Goods.
     5 | D        | Found Wagun's Basic Armour.
     5 | D        | Found Nysch's Miscellaneous Merchandise.
     5 | D        | Round 1.
     8 | D        | Found a burning altar of Makhleb.
     9 | D        | Found a glowing silver altar of Zin.
    10 | D        | Found a corrupted altar of Lugonu.
    11 | D        | Found Gyodygau's Identification Station.
    12 | D        | Found Gomaesh's Advanced Armour.
    12 | D        | Found Wuaxt's Jewellery.
    12 | D        | Found a shimmering blue altar of Sif Muna.
    12 | D        | Found an opulent altar of Gozag.
    13 | D        | Noticed Jessica
    17 | D        | Killed Jessica
    18 | D        | Reached skill level 4 in Transmutations
    18 | D        | Reached XP level 2. HP: 18/18 MP: 4/6
    18 | D        | Reached XP level 3. HP: 23/23 MP: 4/7
    20 | D        | Found a basalt altar of Yredelemnul.
    21 | D        | Found a hide-covered altar of Uskayaw.
    22 | D        | Found a sacrificial altar of Ru.
    23 | D        | Found Ynasonas's Magic Scroll Shop.
    24 | D        | Found an ancient bone altar of Kikubaaqudgha.
    24 | D        | Found a shadowy altar of Dithmenos.
    24 | D        | Found Gicaghut's Staff Store.
    24 | D        | Found Sulimun's Magic Scroll Shop.
    24 | D        | Found Taupleonk's Must-Have Magic.
    28 | D        | Found a radiant altar of Vehumet.
    29 | D        | Found a viscous altar of Jiyva.
    30 | D        | Found a roughly hewn altar of Beogh.
    31 | D        | Found Pahu's Distillery.
    32 | D        | Found Tas Kuda's Distillery.
    32 | D        | Found Civa's Bottled Wisdom.
    32 | D        | Found Cyoxoull's Do-It-Yourself Clinic.
   113 | D        | Noticed Sigmund
   125 | D        | Killed Sigmund
   126 | D        | Reached skill level 5 in Spellcasting
   126 | D        | Reached skill level 8 in Transmutations
   126 | D        | Reached XP level 4. HP: 28/28 MP: 8/11
   126 | D        | Reached XP level 5. HP: 33/33 MP: 8/12
   139 | D        | Became a worshipper of Qazlal Stormbringer
   140 | D        | Noticed Terence
   150 | D        | Killed Terence
   170 | D        | Arena points: 14 (+14) [x2]
   171 | D        | Reached XP level 6. HP: 22/38 MP: 12/14
   189 | D        | Round 2.
   191 | D        | Noticed a necrophage
   193 | D        | Reached * piety under Qazlal
   196 | D        | Killed a necrophage
   197 | D        | Reached skill level 9 in Transmutations
   226 | D        | Reached ** piety under Qazlal
   229 | D        | Noticed a phantom
   250 | D        | Arena points: 44 (+30) [x3]
   265 | D        | Round 3.
   278 | D        | Noticed a komodo dragon
   286 | D        | Mangled by a komodo dragon

Illustrated notes

Levels and vault maps discovered:
D:        arena_sprint

Skill      XL: |  1  2  3  4  5  6 |
---------------+-------------------+-----
Unarmed Combat | 4 6 7 |  7.3
Spellcasting   | 3 5 6 |  6.3
Transmutations | 4 8 9 |  9.6
Fighting       | |  1.0
Dodging        | |  2.0

Action                   |  1- 3 |  4- 6 || total
-------------------------+-------+-------++-------
Melee: Unarmed           |     8 |    24 ||    32
       Kick              |     3 |     5 ||     8
       Tentacles         |     2 |     4 ||     6
       Constrict         |     1 |     5 ||     6
       Punch             |     1 |     1 ||     2
 Cast: Beastly Appendage |     1 |     4 ||     5
Evoke: Wand              |     1 |     2 ||     3
  Use: Potion            |     2 |       ||     2
Armor: Skin              |       |     2 ||     2
Dodge: Dodged            |     3 |    12 ||    15
Block: Other             |       |     3 ||     3
